[Event "GER-ch Youth-U12 2024"]
[Site "Willingen"]
[Date "2024.05.24"]
[Round "8"]
[White "Meijers, Janis"]
[Black "Jahn, Gustav"]
[Result "1/2-1/2"]
[ECO "E38"]
[WhiteElo "1787"]
[BlackElo "1755"]
[Annotator "NA RC"]
[PlyCount "150"]
[EventDate "2022.06.05"]
[EventType "swiss"]
[EventRounds "9"]
[EventCountry "GER"]
[SourceTitle "playchess.com"]
[Source "ChessBase"]
[SourceQuality "1"]
[TimeControl "40/4500+30:900+30"]

1. d4 Nf6 2. c4 e6 3. Nc3 Bb4 4. Qc2 c5 5. dxc5 Bxc5 6. Nf3 Qb6 7. e3 Qc7 8. Bd3 a6 9. O-O Nc6 10. a3 b6 11. b4 Be7 12. Bb2 O-O 13. Ne4 Nxe4 14. Bxe4 f5 15. Bd3 Bf6 16. Bxf6 Rxf6 17. Qc3 Bb7 18. Rfc1 Rg6 19. Be2 Rf8 20. b5 Ne7 21. Qb4 Nc8 22. c5 axb5 23. Qxb5 Bc6 24. cxb6 Nxb6 25. Qc5 f4 26. Bd3 Rh6 27. e4 Na4 28. Qb4 Nb6 29. Rab1 Nc8 30. Qc5 Qd6 31. Qc3 Qe7 32. Rb8 Nd6 33. Qb4 Rxb8 34. Qxb8+ Qf8 35. Qc7 Ne8 36. Qb8 Nd6 37. Qb4 Rh5 38. Rb1 Nb7 39. Qc3 Qc5 40. Qb4 Qxb4 41. axb4 Nd6 42. e5 Nb5 43. Bxb5 Bxb5 44. Rc1 Bc6 45. Rc5 Rf5 46. b5 Bxf3 47. gxf3 Rf8 48. Kg2 Rb8 49. Kh3 Ra8 50. Kg4 Ra4 51. Rc8+ Kf7 52. b6 Rb4 53. Rc7 Rxb6 54. Rxd7+ Kg6 55. h4 h5+ 56. Kxf4 Rb4+ 57. Kg3 Rb5 58. f4 Rb3+ 59. f3 Rb6 60. Rd6 Rxd6 61. exd6 Kf7 62. f5 exf5 63. Kf4 Ke6 64. Kg5 Kxd6 65. Kg6 Ke5 66. Kxg7 Kf4 67. Kg6 Kxf3 68. Kxf5 Ke3 69. Ke5 Kf3 70. Kf5 Ke3 71. Kg5 Ke4 72. Kxh5 Kf5 73. Kh6 Kf6 74. Kh7 Kf7 75. h5 Kf8 1/2-1/2

[Event "GER-ch Youth-U12 2024"]
[Site "Willingen"]
[Date "2024.05.24"]
[Round "8"]
[White "Fels, Mattis"]
[Black "Shevchenko, Igor"]
[Result "0-1"]
[ECO "D00"]
[WhiteElo "1759"]
[BlackElo "1758"]
[Annotator "NA RC"]
[PlyCount "86"]
[EventDate "2022.06.05"]
[EventType "swiss"]
[EventRounds "9"]
[EventCountry "GER"]
[SourceTitle "playchess.com"]
[Source "ChessBase"]
[SourceQuality "1"]
[TimeControl "40/4500+30:900+30"]

1. d4 Nf6 2. Nc3 d5 3. Bf4 a6 4. e3 e6 5. g4 c5 6. Nf3 Nc6 7. Ne5 Nxe5 8. dxe5 Nd7 9. Qf3 g5 10. Bg3 Bg7 11. O-O-O Nxe5 12. Bxe5 Bxe5 13. Be2 Bd7 14. h4 Bc6 15. Qh3 Qa5 16. hxg5 d4 17. exd4 cxd4 18. Nb1 Bxh1 19. Qxh1 Bf4+ 20. Rd2 Bxd2+ 21. Nxd2 O-O-O 22. Bf3 Qc7 23. Ne4 d3 24. c3 d2+ 25. Kd1 Qc4 26. Kc2 Qd3+ 27. Kb3 d1=Q+ 28. Bxd1 Qxd1+ 29. Qxd1 Rxd1 30. Nd6+ Rxd6 31. g6 hxg6 32. g5 b5 33. f4 Kc7 34. f5 exf5 35. c4 Rh3+ 36. Kb4 Rh4 37. a4 Rxc4+ 38. Kb3 Rd3+ 39. Ka2 Rxa4+ 40. Kb1 Rd2 41. b3 Rh4 42. Kc1 Rg2 43. b4 Rh1# 0-1

[Event "GER-ch Youth-U12 2024"]
[Site "Willingen"]
[Date "2024.05.24"]
[Round "8"]
[White "Wettstein, Levin"]
[Black "Fadeev, Justin Michael"]
[Result "1/2-1/2"]
[ECO "C01"]
[WhiteElo "1753"]
[BlackElo "1762"]
[Annotator "NA RC"]
[PlyCount "117"]
[EventDate "2022.06.05"]
[EventType "swiss"]
[EventRounds "9"]
[EventCountry "GER"]
[SourceTitle "playchess.com"]
[Source "ChessBase"]
[SourceQuality "1"]
[TimeControl "40/4500+30:900+30"]

1. e4 e6 2. d4 d5 3. exd5 exd5 4. Nf3 Bd6 5. Bd3 Ne7 6. Bg5 f6 7. Bh4 O-O 8. O-O Bf5 9. c3 c6 10. Qe2 Qd7 11. Qc2 Na6 12. Re1 Rae8 13. Nbd2 Bxd3 14. Qxd3 Nf5 15. Bg3 Nc7 16. Bxd6 Nxd6 17. h3 Ne6 18. Nh2 Ng5 19. Ndf3 Nge4 20. Nd2 Qf7 21. Nhf1 Qg6 22. f3 Nxd2 23. Qxd2 Nc4 24. Qf2 Qg5 25. Re2 Qf4 26. Rae1 Kf7 27. Qg3 Rxe2 28. Rxe2 Qxg3 29. Nxg3 Re8 30. Rxe8 Kxe8 31. b3 Nd6 32. Kf2 Ke7 33. Ke3 Ke6 34. Kf4 g6 35. h4 b6 36. Ne2 c5 37. a4 Nb7 38. b4 cxb4 39. cxb4 Nd6 40. b5 Nc4 41. g3 h6 42. g4 Nb2 43. Nc3 Nc4 44. Kg3 Nd6 45. Kf4 g5+ 46. hxg5 hxg5+ 47. Kg3 f5 48. Kh3 f4 49. Kg2 Nc4 50. Kf2 Ne3 51. Ke2 Nc2 52. Kd3 Ne1+ 53. Ke2 Ng2 54. Kf2 Ne3 55. Ke2 Nc2 56. Kd3 Ne1+ 57. Ke2 Nc2 58. Kd3 Ne1+ 59. Ke2 1/2-1/2

[Event "GER-ch Youth-U12 2024"]
[Site "Willingen"]
[Date "2024.05.24"]
[Round "8"]
[White "Chua, Daniel James"]
[Black "Sun, Christopher"]
[Result "1/2-1/2"]
[ECO "C18"]
[WhiteElo "1751"]
[BlackElo "1714"]
[Annotator "NA RC"]
[PlyCount "68"]
[EventDate "2022.06.05"]
[EventType "swiss"]
[EventRounds "9"]
[EventCountry "GER"]
[SourceTitle "playchess.com"]
[Source "ChessBase"]
[SourceQuality "1"]
[TimeControl "40/4500+30:900+30"]

1. e4 e6 2. d4 d5 3. Nc3 Bb4 4. e5 c5 5. a3 Bxc3+ 6. bxc3 Qa5 7. Bd2 Qa4 8. Qg4 Kf8 9. h4 Qxc2 10. Rh3 Qe4+ 11. Qxe4 dxe4 12. Re3 cxd4 13. cxd4 f5 14. Bb4+ Ne7 15. Rc1 Nbc6 16. Bd6 Kf7 17. Nh3 h6 18. Rg3 Nd5 19. Be2 g6 20. Bc4 Nce7 21. Bxe7 Nxe7 22. Rb1 b6 23. Nf4 Bd7 24. Ba6 Bc8 25. Bb5 a6 26. Be2 b5 27. Rc1 Bd7 28. Rc7 Rhd8 29. Nxg6 Nxg6 30. Bh5 Rac8 31. Ra7 Rc1+ 32. Ke2 Rdc8 33. Rxg6 R1c2+ 34. Ke1 Rc1+ 1/2-1/2

[Event "GER-ch Youth-U12 2024"]
[Site "Willingen"]
[Date "2024.05.24"]
[Round "8"]
[White "Draude, Theo"]
[Black "Leonhardt, Max"]
[Result "1-0"]
[ECO "C10"]
[WhiteElo "1731"]
[BlackElo "1691"]
[Annotator "NA RC"]
[PlyCount "71"]
[EventDate "2022.06.05"]
[EventType "swiss"]
[EventRounds "9"]
[EventCountry "GER"]
[SourceTitle "playchess.com"]
[Source "ChessBase"]
[SourceQuality "1"]
[TimeControl "40/4500+30:900+30"]

1. e4 e6 2. d4 d5 3. Nd2 dxe4 4. Nxe4 Nd7 5. Bd3 Ngf6 6. Qe2 Nxe4 7. Bxe4 Bd6 8. Nf3 h6 9. Bd2 O-O 10. g4 f5 11. gxf5 exf5 12. Bd5+ Kh8 13. O-O-O Nf6 14. Bb3 Re8 15. Ne5 Kh7 16. Qf3 Ne4 17. Qh5 Bxe5 18. dxe5 Nxd2 19. Rxd2 Qe7 20. Rg1 Rf8 21. Qg6+ Kh8 22. f4 Bd7 23. Rdg2 Rg8 24. Bxg8 Rxg8 25. Rg5 c5 26. R1g3 Qe6 27. Qxe6 Bxe6 28. Rg6 Bf7 29. Rd6 Kh7 30. Rd7 Bh5 31. Rxb7 Kh8 32. Rxa7 Rd8 33. Rd3 Re8 34. Kd2 g5 35. fxg5 hxg5 36. Rh3 1-0

[Event "GER-ch Youth-U12 2024"]
[Site "Willingen"]
[Date "2024.05.24"]
[Round "8"]
[White "Gersemann, Karl"]
[Black "Hagn, Tobias"]
[Result "1-0"]
[ECO "C89"]
[WhiteElo "1729"]
[BlackElo "1631"]
[Annotator "NA RC"]
[PlyCount "111"]
[EventDate "2022.06.05"]
[EventType "swiss"]
[EventRounds "9"]
[EventCountry "GER"]
[SourceTitle "playchess.com"]
[Source "ChessBase"]
[SourceQuality "1"]
[TimeControl "40/4500+30:900+30"]

1. e4 e5 2. Nf3 Nc6 3. Bb5 a6 4. Ba4 Nf6 5. O-O Be7 6. Re1 b5 7. Bb3 O-O 8. c3 d5 9. exd5 Nxd5 10. Nxe5 Nxe5 11. Rxe5 c6 12. Bxd5 cxd5 13. d4 Bd6 14. Re1 Qh4 15. g3 Qh3 16. Qf3 Bf5 17. Qg2 Qh5 18. f3 Rae8 19. Be3 Bh3 20. Qf2 f5 21. f4 Re6 22. Nd2 Rh6 23. Nf3 Bg4 24. Ne5 Rff6 25. Qg2 Re6 26. Nxg4 fxg4 27. f5 Qxf5 28. Bxh6 gxh6 29. Rxe6 Qxe6 30. Qf2 Kg7 31. Re1 Qg6 32. Qe2 Kf7 33. Qe8+ Kg7 34. Qd7+ Kg8 35. Re8+ Bf8 36. Qxd5+ Kg7 37. Qd7+ Kg8 38. Qe6+ Qxe6 39. Rxe6 a5 40. Ra6 a4 41. Ra5 a3 42. bxa3 Kf7 43. Rxb5 Bxa3 44. Rb3 Bc1 45. a4 Ke6 46. a5 Kd5 47. a6 Kc4 48. Rb1 Be3+ 49. Kg2 Kxc3 50. a7 Bxd4 51. a8=Q Kc2 52. Qa2+ Kd3 53. Rd1+ Ke4 54. Qe6+ Be5 55. Qxg4+ Ke3 56. Qf3# 1-0

[Event "GER-ch Youth-U12 2024"]
[Site "Willingen"]
[Date "2024.05.24"]
[Round "8"]
[White "Hepp, Daniel"]
[Black "Yozgyur, Ediz"]
[Result "1/2-1/2"]
[ECO "E41"]
[WhiteElo "1721"]
[BlackElo "1789"]
[Annotator "NA RC"]
[PlyCount "57"]
[EventDate "2022.06.05"]
[EventType "swiss"]
[EventRounds "9"]
[EventCountry "GER"]
[SourceTitle "playchess.com"]
[Source "ChessBase"]
[SourceQuality "1"]
[TimeControl "40/4500+30:900+30"]

1. c4 e6 2. Nc3 Nf6 3. d4 Bb4 4. Nf3 c5 5. e3 d5 6. Bd2 Nc6 7. cxd5 exd5 8. a3 Bxc3 9. Bxc3 c4 10. Nd2 O-O 11. a4 a5 12. b3 Bg4 13. Be2 Bxe2 14. Qxe2 cxb3 15. Nxb3 Ne4 16. Rc1 Rc8 17. Bd2 Re8 18. O-O Re6 19. Bxa5 Nxa5 20. Rxc8 Qxc8 21. Nxa5 Rh6 22. Qb5 b6 23. Nb3 Qd8 24. Qe2 Qh4 25. h3 Rg6 26. f3 Ng3 27. Qf2 Qe7 28. Rc1 h6 29. Nd2 1/2-1/2

[Event "GER-ch Youth-U12 2024"]
[Site "Willingen"]
[Date "2024.05.24"]
[Round "8"]
[White "Wagener, Nicolas"]
[Black "Schulz, Robin"]
[Result "0-1"]
[ECO "B10"]
[WhiteElo "1713"]
[BlackElo "1730"]
[Annotator "NA RC"]
[PlyCount "80"]
[EventDate "2022.06.05"]
[EventType "swiss"]
[EventRounds "9"]
[EventCountry "GER"]
[SourceTitle "playchess.com"]
[Source "ChessBase"]
[SourceQuality "1"]
[TimeControl "40/4500+30:900+30"]

1. e4 c6 2. Nf3 d5 3. exd5 cxd5 4. Ne5 Nc6 5. Bb5 Bd7 6. Nxd7 Qxd7 7. d4 a6 8. Bd3 e6 9. c3 Nf6 10. O-O Be7 11. Nd2 O-O 12. Nf3 h6 13. Re1 Bd6 14. Ne5 Qc7 15. Ng4 Nxg4 16. Qxg4 f5 17. Qh5 Rf6 18. g3 b5 19. Bd2 Raf8 20. Re2 f4 21. Rxe6 Rxe6 22. Qxd5 Qf7 23. Qxc6 fxg3 24. fxg3 Qf2+ 25. Kh1 Qxd2 26. Qd5 Qe3 27. Bf5 Rxf5 28. Qxf5 Qe4+ 29. Qxe4 Rxe4 30. a4 b4 31. Rf1 Re2 32. c4 Rxb2 33. c5 Bxc5 34. dxc5 Rc2 35. Rb1 a5 36. Rd1 b3 37. c6 b2 38. c7 Rxc7 39. Kg2 Rc1 40. Rd8+ Kh7 0-1

[Event "GER-ch Youth-U12 2024"]
[Site "Willingen"]
[Date "2024.05.24"]
[Round "8"]
[White "Sasikumar Anitha, Sarvesh"]
[Black "Stehning, Toni"]
[Result "0-1"]
[ECO "C47"]
[WhiteElo "1703"]
[BlackElo "1821"]
[Annotator "NA RC"]
[PlyCount "128"]
[EventDate "2022.06.05"]
[EventType "swiss"]
[EventRounds "9"]
[EventCountry "GER"]
[SourceTitle "playchess.com"]
[Source "ChessBase"]
[SourceQuality "1"]
[TimeControl "40/4500+30:900+30"]

1. e4 e5 2. Nf3 Nc6 3. d4 exd4 4. Nxd4 Nf6 5. Nxc6 bxc6 6. Bd3 Bc5 7. O-O O-O 8. Nc3 d5 9. exd5 cxd5 10. Bg5 c6 11. h3 Re8 12. Qd2 h6 13. Bh4 Rb8 14. a3 Be7 15. b4 Ne4 16. Bxe4 Bf6 17. Bg5 Bxg5 18. Bd3 Bf6 19. f4 Qc7 20. Kh2 Bd7 21. Rae1 Bg5 22. Ne2 Bf6 23. g3 h5 24. Rf3 Bf5 25. h4 Bg4 26. Rf2 Qb6 27. Ref1 Re3 28. Ng1 Bd4 29. Nf3 Rxd3 30. cxd3 Bxf2 31. Rxf2 Bxf3 32. Rxf3 Re8 33. d4 Re4 34. Rd3 a6 35. Kg2 f5 36. Kf2 Qa7 37. Qc3 Qe7 38. Re3 Qe6 39. Rxe4 dxe4 40. Qc2 Qd5 41. Ke3 Qb5 42. Qc3 Qf1 43. Kd2 Qf2+ 44. Kc1 e3 45. Qc4+ Kh8 46. Qf7 Qd2+ 47. Kb1 Qd1+ 48. Ka2 Qc2+ 49. Ka1 Qe4 50. Qxh5+ Kg8 51. Qe2 Qxd4+ 52. Kb1 Qe4+ 53. Kb2 Qd4+ 54. Kc2 Qe4+ 55. Kb2 Kf8 56. Kc3 Ke7 57. Qd3 Qe6 58. Kc2 e2 59. Qc3 e1=Q 60. Qxg7+ Qf7 61. Qg5+ Ke8 62. Qh6 Qa2+ 63. Kd3 Qe4+ 64. Kc3 Qac2# 0-1

[Event "GER-ch Youth-U12 2024"]
[Site "Willingen"]
[Date "2024.05.24"]
[Round "8"]
[White "Andersen, Jonathan"]
[Black "Vinogradov, Ilia"]
[Result "1-0"]
[ECO "C45"]
[WhiteElo "1693"]
[BlackElo "1723"]
[Annotator "NA RC"]
[PlyCount "61"]
[EventDate "2022.06.05"]
[EventType "swiss"]
[EventRounds "9"]
[EventCountry "GER"]
[SourceTitle "playchess.com"]
[Source "ChessBase"]
[SourceQuality "1"]
[TimeControl "40/4500+30:900+30"]

1. e4 e5 2. Nf3 Nc6 3. d4 exd4 4. Nxd4 Bc5 5. Be3 Qf6 6. c3 Nge7 7. Qd2 Qg6 8. Nb5 Bxe3 9. Qxe3 Kd8 10. Nd2 a6 11. Nd4 d6 12. O-O-O Be6 13. Nc4 Kd7 14. f4 Bxc4 15. Bxc4 Rad8 16. g4 h6 17. h4 Rhf8 18. h5 Qh7 19. e5 Kc8 20. Nxc6 Nxc6 21. exd6 cxd6 22. Bd3 Qg8 23. Qb6 Ne7 24. Bxa6 bxa6 25. Qxa6+ Kb8 26. Rxd6 Nc8 27. Qb5+ Ka8 28. Ra6+ Na7 29. Qc6+ Kb8 30. Qb6+ Kc8 31. Rxa7 1-0

[Event "GER-ch Youth-U12 2024"]
[Site "Willingen"]
[Date "2024.05.24"]
[Round "8"]
[White "Vu Hoang Bach"]
[Black "Hellriegel, Hannes"]
[Result "1-0"]
[ECO "D02"]
[WhiteElo "1677"]
[BlackElo "1701"]
[Annotator "NA RC"]
[PlyCount "127"]
[EventDate "2022.06.05"]
[EventType "swiss"]
[EventRounds "9"]
[EventCountry "GER"]
[SourceTitle "playchess.com"]
[Source "ChessBase"]
[SourceQuality "1"]
[TimeControl "40/4500+30:900+30"]

1. d4 Nf6 2. Bf4 e6 3. e3 c5 4. c3 Nc6 5. Nf3 d5 6. Nbd2 Be7 7. Bd3 c4 8. Bc2 b5 9. Ne5 Bb7 10. a3 O-O 11. h4 a5 12. Ndf3 b4 13. Bg5 b3 14. Bb1 Nd7 15. Nxd7 Qxd7 16. Bxe7 Qxe7 17. O-O f5 18. g3 Rf6 19. Kg2 Raf8 20. Ng5 Nd8 21. Nh3 Nf7 22. f3 Nd6 23. Rf2 h6 24. h5 Qc7 25. g4 fxg4 26. fxg4 Rxf2+ 27. Nxf2 Qf7 28. Qe2 Qf6 29. Bg6 Nf7 30. Bxf7+ Rxf7 31. Rf1 e5 32. Nh3 Qxf1+ 33. Qxf1 Rxf1 34. Kxf1 exd4 35. exd4 Bc8 36. Nf2 Kf7 37. Kg2 Kf6 38. Kg3 Kg5 39. Nh3+ Kf6 40. Kf4 Be6 41. g5+ hxg5+ 42. Nxg5 Bf5 43. Nf7 Bc2 44. Ne5 Bf5 45. Ng4+ Ke6 46. Ne3 Be4 47. Kg5 Bf3 48. Nf5 Kf7 49. Nd6+ Kg8 50. Nb7 Kh7 51. Nxa5 Be4 52. Nc6 g6 53. h6 Bd3 54. a4 Bf5 55. a5 Bc8 56. Ne7 Bb7 57. Nxg6 Kg8 58. Ne5 Ba6 59. Kg6 Bc8 60. h7+ Kf8 61. h8=Q+ Ke7 62. Qf6+ Ke8 63. Qf7+ Kd8 64. Nc6# 1-0

[Event "GER-ch Youth-U12 2024"]
[Site "Willingen"]
[Date "2024.05.24"]
[Round "8"]
[White "Lee, Ho In"]
[Black "Rau, Eduard"]
[Result "0-1"]
[ECO "C56"]
[WhiteElo "1668"]
[BlackElo "1756"]
[Annotator "NA RC"]
[PlyCount "110"]
[EventDate "2022.06.05"]
[EventType "swiss"]
[EventRounds "9"]
[EventCountry "GER"]
[SourceTitle "playchess.com"]
[Source "ChessBase"]
[SourceQuality "1"]
[TimeControl "40/4500+30:900+30"]

1. e4 e5 2. Nf3 Nc6 3. Bc4 Nf6 4. d4 exd4 5. O-O Nxe4 6. Re1 d5 7. Bxd5 Qxd5 8. Nc3 Qh5 9. Nxe4 Be6 10. Bg5 Bd6 11. Nxd6+ cxd6 12. Bf4 Qd5 13. c3 O-O 14. Nxd4 Nxd4 15. Qxd4 Qxd4 16. cxd4 Rac8 17. Re2 Rc6 18. a3 Rfc8 19. Rae1 Kf8 20. f3 Rb6 21. Kf2 Bc4 22. Rc2 d5 23. Bd2 f6 24. Bb4+ Kg8 25. Re7 Ra8 26. Rc1 a5 27. Bc3 Rf8 28. Rce1 Rf7 29. Kg3 Ra6 30. Re8+ Rf8 31. R1e7 Rxe8 32. Rxe8+ Kf7 33. Rb8 b5 34. Rb7+ Kg6 35. Re7 h6 36. Kf4 h5 37. h4 Kh6 38. Bd2 g5+ 39. Kf5 Bd3+ 40. Re4 dxe4 41. hxg5+ fxg5 42. Bxg5+ Kg7 43. fxe4 Rg6 44. Bd2 a4 45. Bc3 Kf7 46. d5 Rxg2 47. d6 Rf2+ 48. Kg5 Bxe4 49. Bb4 Rf5+ 50. Kh4 Ke6 51. Kg3 Bf3 52. Kh4 Bg4 53. Kg3 Rf3+ 54. Kh4 Kf5 55. d7 Rh3# 0-1

[Event "GER-ch Youth-U12 2024"]
[Site "Willingen"]
[Date "2024.05.24"]
[Round "8"]
[White "Obermair, Hannes"]
[Black "Balashvili, Amiran"]
[Result "0-1"]
[ECO "D60"]
[WhiteElo "1668"]
[BlackElo "1682"]
[Annotator "NA RC"]
[PlyCount "62"]
[EventDate "2022.06.05"]
[EventType "swiss"]
[EventRounds "9"]
[EventCountry "GER"]
[SourceTitle "playchess.com"]
[Source "ChessBase"]
[SourceQuality "1"]
[TimeControl "40/4500+30:900+30"]

1. c4 e6 2. Nc3 d5 3. d4 Be7 4. Nf3 Nf6 5. Bg5 Nbd7 6. e3 O-O 7. Bd3 a6 8. O-O h6 9. Bxf6 Nxf6 10. Re1 c5 11. cxd5 exd5 12. dxc5 Bxc5 13. Bc2 Be6 14. Qd3 Bb4 15. a3 Bxc3 16. Qxc3 Rc8 17. Qd3 Qb6 18. Rab1 Rc7 19. Nd4 Rfc8 20. Bb3 Ne4 21. Nf3 Nc5 22. Qd4 Qxb3 23. Nd2 Qd3 24. Qb4 Qf5 25. Qd4 Qf6 26. Qxf6 gxf6 27. Red1 Na4 28. f3 Rc2 29. Nb3 Rxb2 30. Rxb2 Nxb2 31. Nd4 Nxd1 0-1

[Event "GER-ch Youth-U12 2024"]
[Site "Willingen"]
[Date "2024.05.24"]
[Round "8"]
[White "Prashanthakumar, Arnesh"]
[Black "Kaza, Charith"]
[Result "0-1"]
[ECO "B34"]
[WhiteElo "1634"]
[BlackElo "1503"]
[Annotator "NA RC"]
[PlyCount "65"]
[EventDate "2022.06.05"]
[EventType "swiss"]
[EventRounds "9"]
[EventCountry "GER"]
[SourceTitle "playchess.com"]
[Source "ChessBase"]
[SourceQuality "1"]
[TimeControl "40/4500+30:900+30"]

1. e4 c5 2. Nf3 Nc6 3. d4 cxd4 4. Nxd4 g6 5. Nc3 Bg7 6. Be3 Nf6 7. f3 Qa5 8. Qd2 O-O 9. Nb3 Qd8 10. O-O-O d6 11. Bh6 Be6 12. h4 Bxb3 13. axb3 Qa5 14. Kb1 Bxh6 15. Qxh6 Qh5 16. Qe3 Qc5 17. Qd2 Kg7 18. g4 h5 19. gxh5 Nxh5 20. Be2 Ng3 21. Rhg1 Nxe2 22. Qxe2 Rh8 23. Rg4 Rh5 24. Rd5 Rxd5 25. exd5 Ne5 26. Rg2 Rh8 27. f4 Rxh4 28. Qd2 Rh1+ 29. Nd1 Nf3 30. Qe2 Qxd5 31. Kc1 Nd4 32. Qd2 Qc5 33. b4 0-1

[Event "GER-ch Youth-U12 2024"]
[Site "Willingen"]
[Date "2024.05.24"]
[Round "8"]
[White "Heins, Simon"]
[Black "Heitmann, Erik"]
[Result "1-0"]
[ECO "B01"]
[WhiteElo "1626"]
[BlackElo "1644"]
[Annotator "NA RC"]
[PlyCount "73"]
[EventDate "2022.06.05"]
[EventType "swiss"]
[EventRounds "9"]
[EventCountry "GER"]
[SourceTitle "playchess.com"]
[Source "ChessBase"]
[SourceQuality "1"]
[TimeControl "40/4500+30:900+30"]

1. e4 d5 2. exd5 Qxd5 3. Nc3 Qa5 4. Bc4 c6 5. d3 Bf5 6. Bd2 e6 7. Qe2 Bb4 8. a3 Nf6 9. h3 Nbd7 10. Nf3 Bxc3 11. Bxc3 Qc7 12. O-O O-O 13. Rfe1 Nb6 14. Ba2 Qe7 15. Nh4 Bg6 16. Nxg6 hxg6 17. d4 Nbd5 18. Bd2 Qd7 19. c4 Ne7 20. Rad1 Rfd8 21. Bc3 Nf5 22. Qf3 Re8 23. d5 exd5 24. Rxe8+ Rxe8 25. Bxf6 gxf6 26. cxd5 cxd5 27. Bxd5 Qb5 28. b4 Re7 29. g4 Nd6 30. Qxf6 Qe2 31. Qxg6+ Kf8 32. Qd3 b6 33. Qd4 Re5 34. Bf3 Qxf3 35. Qxd6+ Re7 36. Qh6+ Kg8 37. Rd8+ 1-0

[Event "GER-ch Youth-U12 2024"]
[Site "Willingen"]
[Date "2024.05.24"]
[Round "8"]
[White "Schmidt, Jossip"]
[Black "Noll, Raphael"]
[Result "0-1"]
[ECO "C42"]
[WhiteElo "1603"]
[BlackElo "1775"]
[Annotator "NA RC"]
[PlyCount "50"]
[EventDate "2022.06.05"]
[EventType "swiss"]
[EventRounds "9"]
[EventCountry "GER"]
[SourceTitle "playchess.com"]
[Source "ChessBase"]
[SourceQuality "1"]
[TimeControl "40/4500+30:900+30"]

1. e4 e5 2. Nf3 Nf6 3. Nxe5 d6 4. Nf3 Nxe4 5. Nc3 Nxc3 6. dxc3 Be7 7. Be3 O-O 8. Qd2 Be6 9. Bd3 Nd7 10. h3 Re8 11. a3 Ne5 12. Nxe5 dxe5 13. O-O-O f5 14. f3 Qd5 15. c4 Qc6 16. Qe2 e4 17. fxe4 fxe4 18. Bf4 exd3 19. Qxd3 Bxc4 20. Qg3 Qg6 21. Qc3 Qf7 22. Be5 Bg5+ 23. Kb1 Rad8 24. Bxg7 Rxd1+ 25. Rxd1 Be2 0-1

[Event "GER-ch Youth-U12 2024"]
[Site "Willingen"]
[Date "2024.05.24"]
[Round "8"]
[White "Rinke, Alexander"]
[Black "Doeding, Alexander"]
[Result "1/2-1/2"]
[ECO "B06"]
[WhiteElo "1596"]
[BlackElo "1633"]
[Annotator "NA RC"]
[PlyCount "72"]
[EventDate "2022.06.05"]
[EventType "swiss"]
[EventRounds "9"]
[EventCountry "GER"]
[SourceTitle "playchess.com"]
[Source "ChessBase"]
[SourceQuality "1"]
[TimeControl "40/4500+30:900+30"]

1. e4 g6 2. d4 Bg7 3. Nf3 d6 4. Bb5+ Nd7 5. O-O a6 6. Ba4 b5 7. Bb3 e6 8. Bg5 Ne7 9. c3 h6 10. Bh4 Bb7 11. Re1 g5 12. Bg3 Ng6 13. a4 bxa4 14. Bxa4 O-O 15. Nbd2 Nb6 16. Bc2 g4 17. Nh4 Nxh4 18. Qxg4 Ng6 19. h4 e5 20. h5 Nf4 21. Bxf4 exf4 22. Qxf4 Qg5 23. Qxg5 hxg5 24. Re3 f6 25. Rg3 Kh8 26. d5 Nd7 27. Nb3 Ne5 28. Nd4 Bc8 29. b4 Bd7 30. Ba4 Bxa4 31. Rxa4 Rfc8 32. Ne6 Bh6 33. Re3 Nc4 34. Re2 c6 35. dxc6 Rxc6 36. b5 Rcc8 1/2-1/2

[Event "GER-ch Youth-U12 2024"]
[Site "Willingen"]
[Date "2024.05.24"]
[Round "8"]
[White "Moskalenko, Michael"]
[Black "Gao, Chenzhuo"]
[Result "1-0"]
[ECO "E94"]
[WhiteElo "1574"]
[BlackElo "1580"]
[Annotator "NA RC"]
[PlyCount "65"]
[EventDate "2022.06.05"]
[EventType "swiss"]
[EventRounds "9"]
[EventCountry "GER"]
[SourceTitle "playchess.com"]
[Source "ChessBase"]
[SourceQuality "1"]
[TimeControl "40/4500+30:900+30"]

1. d4 Nf6 2. c4 g6 3. Nc3 Bg7 4. e4 d6 5. Nf3 O-O 6. Be2 e5 7. O-O exd4 8. Nxd4 c6 9. Be3 Qe7 10. Qc2 Na6 11. f3 Nc7 12. Rad1 Rd8 13. Bg5 h6 14. Bh4 Ne6 15. Nxe6 Qxe6 16. f4 Re8 17. f5 Qe5 18. Bg3 Qc5+ 19. Kh1 g5 20. Bxd6 Qb6 21. e5 Nd7 22. f6 Bf8 23. Na4 Qa6 24. c5 Qa5 25. Bc4 Nxe5 26. Bxe5 Be6 27. Bxe6 Rxe6 28. Bc3 Qc7 29. b4 Rae8 30. Rfe1 Rxe1+ 31. Rxe1 Rxe1+ 32. Bxe1 Qe5 33. Qf2 1-0

[Event "GER-ch Youth-U12 2024"]
[Site "Willingen"]
[Date "2024.05.24"]
[Round "8"]
[White "Grabowski, Joshua"]
[Black "Lanert, Theodor"]
[Result "0-1"]
[ECO "B13"]
[WhiteElo "1532"]
[BlackElo "1742"]
[Annotator "NA RC"]
[PlyCount "108"]
[EventDate "2022.06.05"]
[EventType "swiss"]
[EventRounds "9"]
[EventCountry "GER"]
[SourceTitle "playchess.com"]
[Source "ChessBase"]
[SourceQuality "1"]
[TimeControl "40/4500+30:900+30"]

1. d4 Nf6 2. Nc3 d5 3. Bf4 c5 4. e3 cxd4 5. exd4 a6 6. Nf3 Nc6 7. Be2 e6 8. Qd2 Bb4 9. Ne5 Qb6 10. Nxc6 Qxc6 11. Bd3 Bd7 12. a3 Ba5 13. b4 Bc7 14. Bxc7 Qxc7 15. Ne2 Ke7 16. Rc1 Bb5 17. O-O Rhc8 18. f4 g6 19. Ng3 Qc3 20. Qxc3 Rxc3 21. Bxb5 axb5 22. Rfe1 Kd6 23. Ne2 Rcxa3 24. Ng3 Rc3 25. Ne2 Rc4 26. c3 Ne4 27. Red1 Ra2 28. Kf1 Rxe2 29. Kxe2 Nxc3+ 30. Kd2 Nxd1 31. Rxc4 bxc4 32. Kxd1 Kc6 33. Kc2 Kb5 34. Kc3 f5 35. h3 h5 36. h4 Ka4 37. g3 b5 38. Kb2 Kxb4 39. Ka2 c3 40. g4 fxg4 41. f5 gxf5 42. Kb1 g3 43. Ka1 g2 44. Ka2 g1=B 45. Kb1 Bxd4 46. Kc2 Kc4 47. Kc1 Bf6 48. Kc2 Bxh4 49. Kb1 Bg5 50. Ka1 h4 51. Ka2 h3 52. Ka1 h2 53. Ka2 h1=Q 54. Ka3 Qa1# 0-1

[Event "GER-ch Youth-U12 2024"]
[Site "Willingen"]
[Date "2024.05.24"]
[Round "8"]
[White "König, Lian"]
[Black "Subocz, Barbara"]
[Result "1/2-1/2"]
[ECO "B25"]
[WhiteElo "1180"]
[BlackElo "1692"]
[Annotator "NA"]
[PlyCount "41"]
[EventDate "2022.06.05"]
[EventType "swiss"]
[EventRounds "9"]
[EventCountry "GER"]
[SourceTitle "playchess.com"]
[Source "ChessBase"]
[SourceQuality "1"]
[TimeControl "40/4500+30:900+30"]

1. e4 c5 2. Nc3 d6 3. d3 Nc6 4. g3 g6 5. Bg2 Bg7 6. f4 e6 7. Nf3 Nge7 8. O-O O-O 9. g4 f5 10. g5 Rb8 11. Be3 Nd4 12. Qd2 Nec6 13. Rae1 e5 14. Nd1 b5 15. Nxd4 Nxd4 16. c3 Ne6 17. Kh1 Qa5 18. b3 Nc7 19. c4 Qxd2 20. Bxd2 bxc4 21. dxc4 1/2-1/2

[Event "GER-ch Youth-U12 2024"]
[Site "Willingen"]
[Date "2024.05.24"]
[Round "8"]
[White "Schellinger, Florian"]
[Black "Fass, Ben"]
[Result "1-0"]
[ECO "C50"]
[WhiteElo "863"]
[BlackElo "1027"]
[Annotator "NA RC"]
[PlyCount "83"]
[EventDate "2022.06.05"]
[EventType "swiss"]
[EventRounds "9"]
[EventCountry "GER"]
[SourceTitle "playchess.com"]
[Source "ChessBase"]
[SourceQuality "1"]
[TimeControl "40/4500+30:900+30"]

1. e4 e5 2. Nf3 Nc6 3. Bc4 Bc5 4. Nc3 Nf6 5. d3 d6 6. Bb5 Bd7 7. Bg5 h6 8. Bh4 Qe7 9. Nd5 Qe6 10. Nxc7+ Kd8 11. Nxe6+ fxe6 12. O-O a6 13. Ba4 b5 14. Bb3 a5 15. a4 bxa4 16. Bxa4 Rb8 17. Qc1 g5 18. Nxg5 hxg5 19. Qxg5 Rf8 20. Qg7 Ke8 21. Bxf6 Rf7 22. Qg8+ Rf8 23. Qg7 Rf7 24. Qh8+ Rf8 25. Qh6 Ne7 26. Bg7 Rxb2 27. Bxd7+ Kxd7 28. Bxf8 Rxc2 29. Rxa5 Rc3 30. Bxe7 Kc6 31. Qg6 Rxd3 32. Qe8+ Kb6 33. Qb5+ Kc7 34. Qxd3 Kd7 35. Rxc5 Kxe7 36. Rc7+ Kf6 37. Qf3+ Kg6 38. Rf7 d5 39. Qf6+ Kh5 40. Rg7 dxe4 41. g3 e3 42. Qh4# 1-0